Map: New Repugnancy LE

Players

Elazer - Winner!

  • Race: Zerg Zerg
  • League: Grandmaster
  • Spawn Location: 1:00

TSGSolar (Solar)

  • Race: Zerg Zerg
  • League: Diamond
  • Spawn Location: 7:00

Event: HomeStory Cup XIX

VOD

Have the link to the VOD?

Description

Time

  • Played on: June 29, 2019, 8:26 a.m.
  • Length: 6:49

All games in this series

Show
View Real Time Build Order
Export as new Build Order

Elazer Zerg - Winner!

Build Orders: Hatch First, Zergling Baneling 

Get SALT Encoding   

  12  0:00  Drone  
  13  0:12  Overlord  
  13  0:16  Drone  
  14  0:30  Drone x2  
  16  0:48  Hatchery  
  15  0:51  Drone  
  15  0:55  Drone  
  17  0:58  Drone  
  18  1:09  Extractor  
  17  1:13  Spawning Pool  
  17  1:17  Drone  
  17  1:20  Drone  
  18  1:28  Drone  
  19  1:38  Drone  
  20  1:49  Drone  
  21  1:59  Overlord  
  21  2:00  Queen x2  
  21  2:01  Drone  
  26  2:09  Metabolic Boost  
  26  2:10  Drone  
  26  2:12  Zergling x2  
  28  2:21  Drone x2  
  30  2:32  Drone  
  30  2:33  Drone  
  32  2:38  Hatchery  
  32  2:43  Drone x2  
  33  2:48  Baneling Nest  
  32  2:53  Overlord  
  32  2:54  Drone  
  33  2:59  Evolution Chamber  
  32  3:08  Zergling x8  
  32  3:11  Overlord  
  36  3:13  Zergling x2  
  36  3:16  Zergling x2  
  36  3:19  Zergling x2  
  40  3:20  Zergling x2  
  40  3:25  Drone  
  40  3:26  Zerg Melee Weapons Level 1  
  41  3:32  Baneling  
  41  3:34  Overlord  
  41  3:37  Zergling x2  
  42  3:44  Zergling x10  
  42  3:45  Baneling  
  47  3:53  Baneling  
  47  3:54  Overlord  
  47  3:56  Zergling x6  
  49  4:05  Zergling x2  
  49  4:06  Zergling x6  
  49  4:09  Baneling x2  
  51  4:17  Zergling x10  
  53  4:18  Baneling  
  52  4:24  Zergling x6  
  52  4:30  Zergling x4  
  53  4:34  Zergling x6  
  56  4:43  Baneling x2  
  56  4:45  Zergling x2  
  56  4:46  Zergling x4  
  56  5:03  Zergling x18  
  58  5:09  Zergling x6  
  56  5:17  Baneling x4  
  56  5:19  Zergling x4  
  58  5:28  Zergling x10  
  56  5:40  Zergling x8  
  51  5:45  Zergling x8  
  50  5:52  Zergling x2  
  49  5:57  Zergling x10  
  49  6:02  Zergling x2  
  53  6:06  Zergling x4  
  51  6:12  Zergling x8  
  53  6:19  Baneling x2  
  53  6:20  Zergling x2  
  53  6:24  Zergling x4  
  53  6:28  Zergling x6  
  53  6:32  Zergling x2  
Show
View Real Time Build Order
Export as new Build Order

TSGSolar Zerg 

Build Orders: Hatch First, Zergling Baneling 

Get SALT Encoding   

  12  0:01  Drone  
  13  0:12  Overlord  
  13  0:17  Drone  
  14  0:31  Drone x2  
  16  0:48  Hatchery  
  15  0:52  Drone  
  15  0:54  Drone  
  17  0:58  Drone  
  18  1:09  Extractor  
  17  1:13  Spawning Pool  
  17  1:16  Drone  
  17  1:20  Drone  
  18  1:29  Drone  
  19  1:39  Drone  
  20  1:50  Overlord  
  20  2:00  Queen x2  
  24  2:01  Drone  
  24  2:02  Drone  
  26  2:09  Metabolic Boost  
  26  2:12  Drone  
  26  2:13  Drone  
  28  2:23  Drone x2  
  30  2:36  Hatchery  
  29  2:37  Zergling x2  
  29  2:40  Drone  
  31  2:47  Baneling Nest  
  31  2:48  Drone  
  31  2:49  Drone  
  32  2:53  Overlord  
  32  2:56  Drone  
  33  3:05  Zergling x4  
  35  3:07  Drone  
  35  3:12  Zergling x8  
  40  3:16  Zergling x2  
  40  3:17  Zergling x2  
  42  3:21  Overlord  
  42  3:29  Drone, Evolution Chamber  
  42  3:35  Baneling  
  42  3:42  Drone  
  42  3:43  Zergling x2  
  42  3:45  Drone x2  
  42  3:46  Drone x3  
  49  3:51  Baneling  
  49  3:55  Zergling x4  
  48  4:02  Overlord  
  48  4:03  Drone  
  48  4:05  Drone, Queen  
  48  4:07  Drone  
  53  4:10  Baneling  
  53  4:15  Baneling x2  
  53  4:16  Zergling x4  
  53  4:24  Zergling x10  
  53  4:26  Queen  
  53  4:27  Baneling x2  
  55  4:34  Zergling x6  
  55  4:38  Roach Warren  
  57  4:39  Extractor x2  
  57  4:42  Queen  
  57  4:43  Baneling x2  
  57  4:45  Zergling x2  
  58  4:48  Zergling x4  
  60  4:53  Zergling x2  
  60  4:54  Zergling x2  
  60  4:56  Zergling x2  
  61  5:00  Drone  
  61  5:03  Zergling x2  
  53  5:12  Zergling x2  
  46  5:14  Zergling x2  
  46  5:15  Zergling x8  
  46  5:17  Baneling x2  
  46  5:21  Queen  
  51  5:22  Zergling x2  
  51  5:23  Zergling x2  
  51  5:27  Zergling x2  
  51  5:28  Baneling x2  
  54  5:32  Zergling x2  
  54  5:34  Zergling x2  
  51  5:38  Zergling x2  
  48  5:45  Baneling  
  48  5:47  Roach x2  
  48  5:48  Roach x3  
  51  5:51  Zergling x2  
  51  5:52  Zergling x4  
  51  5:53  Roach  
  50  6:02  Roach  
  49  6:07  Zergling x2  
  49  6:09  Zergling x2  
  46  6:12  Drone x2  
  46  6:13  Drone  
  49  6:19  Drone  
  49  6:23  Roach  
  49  6:30  Drone  
  49  6:31  Drone  
Tags
 
Add a new tag
Caveats
  • Supply blocks, unpowered buildings, or Contaminate may cause inaccurate times.
  • Supply counts are checked every 10 seconds.